 Dungeon Crawl Stone Soup version 0.27-a0-1334-g2746e35aca (webtiles) character file.

Game seed: 18055679519385432882

9818 Sweetruy1997 the Cruncher (level 11, -10/89 HPs)
             Began as a Grey Draconian Berserker on June 26, 2021.
             Was an Elder of Trog.
             Mangled by a tentacled starspawn (18 damage)
             ... on level 1 of the Abyss.
             The game lasted 00:42:54 (10300 turns).

Sweetruy1997 the Cruncher (DrBe)                   Turns: 10300, Time: 00:42:55

Health: -10/89     AC: 15    Str: 16 (19) XL:     11   Next: 28%
Magic:  8/8        EV: 16    Int:  3 (7)  God:    Trog [****..]
Gold:   246        SH:  0    Dex: 10 (11) Spells: 10/10 levels left

rFire    + . .     SeeInvis .   m - +4 quarterstaff (chaos)
rCold    . . .     Faith    .   (shield currently unavailable)
rNeg     . . .     Spirit   .   (armour unavailable)
rPois    +         Reflect  .   (helmet restricted)
rElec    .         Harm     .   n - +0 cloak
rCorr    .         Rampage  .   H - +1 pair of gloves
Will     +....     Rnd*Tele +   (no boots)
Stlth    ++........             p - amulet of regeneration
HPRegen  1.24/turn              v - +4 ring of evasion
MPRegen  0.11/turn              k - ring of willpower

@: no status effects
A: AC +12, amphibious, unfitting armour, cold-blooded, hooves 1, fire resistance
1, poison resistance, strong 1, no potion heal 1, deterioration 1[+1], [dopey
1], [low mp 2], [teleportitis 1], [weak 2]
a: Renounce Religion, Berserk, Trog's Hand, Brothers in Arms


You were on level 1 of the Abyss.
You worshipped Trog.
Trog was greatly pleased with you.
You visited 2 branches of the dungeon, and saw 10 of its levels.
You visited the Abyss 1 time.
You also visited: Bailey.

You collected 487 gold pieces.
You spent 241 gold pieces at shops.

Inventory:

Hand Weapons
 m - a +4 quarterstaff of chaos (weapon)
 B - a +7 vorpal great mace
Missiles
 c - 65 boomerangs (quivered)
 w - 15 atropa-tipped darts
 D - 2 throwing nets
Armour
 n - a +0 cloak (worn)
 F - the +4 kite shield of Dimmukoph {rCorr}
   (You found it on level 8 of the Dungeon)

   It protects you from acid and corrosion.
 H - a +1 pair of gloves (worn)
Jewellery
 k - a ring of willpower (right hand)
 o - a ring of positive energy
 p - an amulet of regeneration (around neck)
 u - a +4 ring of evasion
 v - a +4 ring of evasion (left hand)
 y - a ring of see invisible
 G - a ring of ice
Wands
 a - a wand of paralysis (1)
 l - a wand of polymorph (8)
 C - a wand of acid (8)
 E - a wand of iceblast (1)
Scrolls
 e - 5 scrolls of magic mapping
 h - a scroll of silence
 j - a scroll of fear
 r - a scroll of enchant weapon {unknown}
 s - a scroll of brand weapon {unknown}
 t - a scroll of amnesia {unknown}
 A - a scroll of blinking {unknown}
 I - a scroll of fog
Potions
 b - a potion of flight {unknown}
 f - 10 potions of curing
 i - 6 potions of heal wounds
 q - 4 potions of haste
 x - 2 potions of magic
 z - a potion of experience {unknown}


   Skills:
 + Level 6.0 Fighting
 - Level 7.2 Axes
 - Level 14.0 Staves
 + Level 3.6 Throwing
 + Level 3.8 Dodging
 - Level 2.0 Stealth
 + Level 2.5 Evocations


You had 10 spell levels left.
You didn't know any spells.
Your spell library was empty.

Dungeon Overview and Level Annotations

Branches:
Dungeon (9/15)             Temple (1/1) D:5          Bailey (visited)
   Lair: D:8-11         Orc: D:9-12

Altars:
Ashenzari
Cheibriados
Elyvilon
Fedhas
Gozag
Kikubaaqudgha
Makhleb
Nemelex Xobeh
Okawaru
Qazlal
Ru
Sif Muna
Trog
Uskayaw
Vehumet
Wu Jian
Xom
Yredelemnul
Zin
The Shining One

Shops:
D:3 *   D:4 =

Annotations:
D:9 Erolcha


Innate Abilities, Weirdness & Mutations

Your dull iron-grey scales are very hard. (AC +12)
You are amphibious.
You cannot fit into any form of body armour.
You are cold-blooded and may be slowed by cold attacks.
You have large cloven feet.
Your flesh is heat resistant. (rF+)
Your system is resistant to poisons. (rPois)
Your muscles are strong. (Str +2)
Potions are less effective at restoring your health.
[Your body often deteriorates upon taking damage.]
[You are dopey. (Int -2)]
[Your magical capacity is very low. (-20% MP)]
[You are occasionally teleported next to monsters.]
[You are very weak. (Str -4)]


Message History

The starspawn tentacle grabs you. The starspawn tentacle constricts you.
You hit the starspawn tentacle. You freeze the starspawn tentacle.
The starspawn tentacle is lightly damaged.
You sock the starspawn tentacle! You kick the starspawn tentacle.
The starspawn tentacle is severely damaged.
The starspawn tentacle loses its grip on you.
The tentacle pulls you backwards! The starspawn tentacle grabs you.
The starspawn tentacle constricts you.
You escape the starspawn tentacle's grasp.
A starspawn tentacle segment comes into view.
You barely miss the starspawn tentacle segment.
The starspawn tentacle segment is severely damaged.
The starspawn tentacle closely misses you.
You hit the starspawn tentacle segment.
You freeze the starspawn tentacle segment.
You destroy the starspawn tentacle segment!
Tentacles burst from the starspawn's body! 2 starspawn tentacles come into view.
The tentacled starspawn bites you.
The tentacled starspawn tentacle-slaps you!
Your body deteriorates!
You feel weakened.
You hit the tentacled starspawn.
The tentacled starspawn seems to speed up.
You tail-slap the tentacled starspawn.
The tentacled starspawn is heavily damaged.
The tentacled starspawn bites you!!
* * * LOW HITPOINT WARNING * * *
Your body deteriorates!
You feel weakened. The tentacled starspawn misses you.
You hit the tentacled starspawn. You burn the tentacled starspawn.
Your kick misses the tentacled starspawn.
The tentacled starspawn is heavily damaged.
The tentacled starspawn bites you but does no damage.
The tentacled starspawn tentacle-slaps you.
* * * LOW HITPOINT WARNING * * *
You barely miss the tentacled starspawn.
You kick the tentacled starspawn.
The tentacled starspawn is heavily damaged.
The tentacled starspawn bites you!!
You die...

.≈... ..
..≈≈♣....
.≈..≈≈≈≈≈..
##...#≈♣≈≈.##
....≈≈≈≈...# #. .
.... # # ≈......
#
#.###│###.###.#.#
......X@.......##
....#w######...##
. .. .──.......#
#. #...... ..# #
#.#####.. ... .
#.... ... #
..##.... # . ## .
..# .


You could see a tentacled starspawn (fast) and a starspawn tentacle.

Vanquished Creatures
  Harold (D:8)
  Erica (D:8)
  A two-headed ogre (D:8)
  A wretched star (Abyss:1)
  A smoke demon (Abyss:1)
  A hornet (D:6)
  Grinder (D:3)
  4 raiju (Abyss:1)
  A small abomination (Abyss:1)
  3 blink frogs (Abyss:1)
  2 vampires
  2 wyverns (D:8)
  A ynoxinul (Abyss:1)
  2 steam dragons
  Menkaure (D:6)
  2 water moccasins
  2 large abominations (Abyss:1)
  4 sky beasts
  5 orc warriors
  A black bear (D:7)
  A necrophage (D:4)
  3 ogres
  2 phantoms
  Blork the orc (D:4)
  3 bullfrogs
  2 wyvern zombies
  4 scorpions
  A water moccasin skeleton (D:3)
  2 oklob saplings (D:8)
  5 howler monkeys
  Crazy Yiuf (D:3)
  2 gnoll shamans
  6 hounds
  2 orc priests
  A centaur skeleton (D:5)
  An iron imp (Abyss:1)
  8 orc wizards
  Terence (D:2)
  Natasha (thrice) (D:3)
  6 iguanas
  A howler monkey zombie (D:6)
  Robin (D:2)
  9 adders
  20 gnolls
  3 shadow imps
  3 white imps
  An ufetubus (Abyss:1)
  An adder skeleton (D:5)
  2 worms
  2 dart slugs
  30 orcs
  10 ball pythons
  5 bats
  6 endoplasms
  A giant cockroach (D:3)
  16 hobgoblins
  7 jackals
  5 quokkas
  6 frilled lizards
  11 goblins
  17 kobolds
  4 rats
253 creatures vanquished.

Vanquished Creatures (collateral kills)
  An orc (D:9)
1 creature vanquished.

Vanquished Creatures (others)
  A hobgoblin (Bailey)
  9 plants (D:8)
  7 starspawn tentacles (Abyss:1)
17 creatures vanquished.

Grand Total: 271 creatures vanquished

Notes
Turn   | Place    | Note
-------+----------+-------------------------------------------
     0 | D:1      | Sweetruy1997 the Draconian Berserker began the quest for
                  | the Orb.
     0 | D:1      | Reached XP level 1. HP: 19/19 MP: 1/1
    46 | D:1      | Found a faded altar of an unknown god.
   390 | D:1      | Reached XP level 2. HP: 26/26 MP: 2/2
  1037 | D:2      | Noticed Robin
  1041 | D:2      | Reached XP level 3. HP: 15/33 MP: 3/3
  1048 | D:2      | Killed Robin
  1050 | D:2      | Reached ** piety under Trog
  1377 | D:2      | Noticed Terence
  1385 | D:2      | Killed Terence
  1386 | D:2      | Reached XP level 4. HP: 40/40 MP: 4/4
  2649 | D:3      | Reached XP level 5. HP: 47/47 MP: 5/5
  2969 | D:3      | Found Zouff's General Store.
  2978 | D:3      | Bought a scroll of magic mapping for 38 gold pieces
  2978 | D:3      | Bought a potion of berserk rage for 55 gold pieces
  2978 | D:3      | Bought a scroll of fear for 38 gold pieces
  3053 | D:3      | Reached skill level 1 in Stealth
  3105 | D:3      | Reached skill level 5 in Axes
  3244 | D:3      | Noticed Natasha
  3253 | D:3      | Killed Natasha
  3289 | D:3      | Noticed Natasha
  3304 | D:3      | Killed Natasha
  3305 | D:3      | Reached XP level 6. HP: 25/55 MP: 6/6
  3434 | D:3      | Reached skill level 5 in Fighting
  3618 | D:3      | Noticed Grinder
  3619 | D:3      | Paralysed by Grinder for 6 turns
  3636 | D:3      | HP: 3/84 [Grinder (2)]
  3642 | D:3      | Killed Grinder
  3643 | D:3      | Your scales start taking on a dull iron-grey colour.
  3643 | D:3      | Reached XP level 7. HP: 8/61 MP: 7/7
  3918 | D:3      | Noticed Natasha
  3927 | D:3      | Killed Natasha
  3982 | D:3      | Found a runed translucent door.
  3983 | D:3      | Noticed Crazy Yiuf
  3989 | D:3      | Killed Crazy Yiuf
  4024 | D:4      | Gained mutation: You sometimes lose the ability to read
                  | scrolls when taking damage. [potion of mutation]
  4025 | D:4      | Lost mutation: You sometimes lose the ability to read
                  | scrolls when taking damage. [potion of mutation]
  4025 | D:4      | Gained mutation: [You are weak. (Str -2)] [potion of
                  | mutation]
  4025 | D:4      | Gained mutation: You have large cloven feet. [potion of
                  | mutation]
  4043 | D:4      | Reached skill level 1 in Staves
  4085 | D:4      | Reached skill level 2 in Staves
  4151 | D:4      | Reached skill level 3 in Staves
  4360 | D:4      | Found a glowing golden altar of the Shining One.
  4543 | D:4      | Noticed Blork the orc
  4553 | D:4      | Killed Blork the orc
  4554 | D:4      | Reached skill level 4 in Staves
  4627 | D:4      | Reached *** piety under Trog
  4677 | D:4      | Found Kesegyw's Jewellery Boutique.
  4901 | D:5      | Entered Level 5 of the Dungeon
  5042 | D:5      | Reached XP level 8. HP: 63/68 MP: 8/8
  5045 | D:5      | Reached skill level 5 in Staves
  5129 | D:5      | Found a staircase to the Ecumenical Temple.
  5139 | D:5      | Found a shimmering blue altar of Sif Muna.
  5144 | Temple   | Entered the Ecumenical Temple
  5545 | D:5      | Found a blossoming altar of Fedhas.
  5555 | D:5      | Found a sacrificial altar of Ru.
  5569 | D:5      | Reached skill level 6 in Staves
  5597 | D:5      | Found a white marble altar of Elyvilon.
  5735 | D:5      | Found a shimmering altar of Xom.
  5823 | D:5      | Reached skill level 7 in Staves
  6414 | D:6      | Noticed Menkaure
  6438 | D:6      | Killed Menkaure
  6439 | D:6      | Reached skill level 8 in Staves
  6447 | D:6      | Reached skill level 1 in Throwing
  6530 | D:6      | Reached XP level 9. HP: 11/74 MP: 9/9
  6586 | D:6      | Found a stormy altar of Qazlal.
  6589 | D:6      | Found a broken altar of Ashenzari.
  6691 | D:6      | Reached skill level 9 in Staves
  7476 | D:6      | Reached skill level 10 in Staves
  7606 | D:6      | Reached **** piety under Trog
  7710 | D:7      | Found a flagged portal.
  7721 | Bailey   | Entered a bailey
  7856 | Bailey   | Lost mutation: [You are weak. (Str -2)] [potion of
                  | mutation]
  7856 | Bailey   | Gained mutation: You are agile. (Dex +2) [potion of
                  | mutation]
  7856 | Bailey   | Gained mutation: You evolve. [potion of mutation]
  7856 | Bailey   | Gained mutation: Your tail ends in a poisonous barb.
                  | [potion of mutation]
  7857 | Bailey   | Lost mutation: You are agile. (Dex +2) [potion of mutation]
  7857 | Bailey   | Lost mutation: You evolve. [potion of mutation]
  7857 | Bailey   | Gained mutation: Your muscles are strong. (Str +2) [potion
                  | of mutation]
  7947 | Bailey   | Lost mutation: You have large cloven feet. [potion of
                  | mutation]
  7947 | Bailey   | Lost mutation: Your tail ends in a poisonous barb. [potion
                  | of mutation]
  7947 | Bailey   | Gained mutation: [Your magical capacity is low. (-10% MP)]
                  | [potion of mutation]
  7947 | Bailey   | Gained mutation: You sometimes lose the ability to read
                  | scrolls when taking damage. [potion of mutation]
  8120 | D:7      | Lost mutation: You sometimes lose the ability to read
                  | scrolls when taking damage. [potion of mutation]
  8120 | D:7      | Lost mutation: [Your magical capacity is low. (-10% MP)]
                  | [potion of mutation]
  8120 | D:7      | Gained mutation: You have large cloven feet. [potion of
                  | mutation]
  8120 | D:7      | Gained mutation: Your flesh is heat resistant. (rF+)
                  | [potion of mutation]
  8152 | D:7      | Reached skill level 11 in Staves
  8730 | D:8      | Reached XP level 10. HP: 58/81 MP: 10/10
  8788 | D:8      | Reached ***** piety under Trog
  8849 | D:8      | Noticed Erica
  8860 | D:8      | Killed Erica
  8861 | D:8      | Reached skill level 12 in Staves
  8861 | D:8      | Reached skill level 1 in Evocations
  8982 | D:3      | Bought a wand of polymorph (8) for 110 gold pieces
  9083 | D:8      | Received a gift from Trog
  9273 | D:8      | Noticed a two-headed ogre
  9279 | D:8      | Killed a two-headed ogre
  9280 | D:8      | Reached skill level 13 in Staves
  9304 | D:8      | Identified the +1 robe "Ume Vown" {Dex+4}
  9537 | D:8      | Noticed Harold
  9562 | D:8      | Killed Harold
  9674 | D:8      | Identified the +4 kite shield of Dimmukoph {rCorr}
  9868 | D:9      | Noticed Erolcha
  9881 | D:9      | Noticed a two-headed ogre
  9887 | D:9      | Cast into level 1 of the Abyss (Erolcha)
  9889 | Abyss:1  | Noticed a smoke demon
  9898 | Abyss:1  | Killed a smoke demon
  9905 | Abyss:1  | Noticed a wretched star
  9966 | Abyss:1  | Killed a wretched star
  9967 | Abyss:1  | Reached skill level 14 in Staves
  9967 | Abyss:1  | Reached XP level 11. HP: 60/60 MP: 8/8
 10214 | Abyss:1  | Noticed a thrashing horror
 10234 | Abyss:1  | Gained mutation: Potions are less effective at restoring
                  | your health. [a neqoxec]
 10244 | Abyss:1  | Noticed a tentacled starspawn
 10250 | Abyss:1  | Gained mutation: Your system is resistant to poisons.
                  | (rPois) [a neqoxec]
 10251 | Abyss:1  | Gained mutation: [Your body often deteriorates upon taking
                  | damage.] [a neqoxec]
 10300 | Abyss:1  | Mangled by a tentacled starspawn

Illustrated notes

Levels and vault maps discovered:
D:1:      grunt_arrival_crossed_arrows, layout_rooms,
          chequers_ecumenical_altar_simple
D:2:      layout_basic, minmay_pentomino_p4, uniq_terence, uniq_robin
D:3:      layout_rooms, serial_shops, shop, uniq_grinder, uniq_natasha,
          uniq_crazy_yiuf_cottage
D:4:      layout_basic, tso_metal_star, serial_shops, nicolae_take_the_stairs,
          columned_hall_lemuel, uniq_blork_the_orc
D:5:      layout_layer_cave, overflow_temple_1_default, kennysheep_mini_moat,
          grunt_temple_overflow_open, temple_pool_b, minivault_27,
          corexii_checkpoint_b
D:6:      layout_basic, jmf_multi_god_temple, grunt_decor_mini_mirrors,
          uniq_menkaure
D:7:      layout_basic, enter_bailey_3, lightli_minifort
D:8:      layout_loops_cross, introduction_to_nature_2, uniq_harold, uniq_erica
D:9:      layout_rooms, riverfiend_overflow_shadow_ancestor, uniq_erolcha
Temple:   hc_temple_tempest_star
Abyss:1:  base: D:4, onia_ninara_dug_in_and_dangerous, minivault_4

Skill      XL: |  1  2  3  4  5  6  7  8  9 10 11 |
---------------+----------------------------------+-----
Dodging        | 3 |  3.8
Fighting       | 4 5 6 |  6.0
Axes           | 4 5 6 7 |  7.2
Stealth        | 1 2 |  2.0
Staves         | 4 8 11 14 | 14.0
Throwing       | 1 3 |  3.6
Evocations     | 2 |  2.5

Action                   |  1- 3 |  4- 6 |  7- 9 | 10-12 || total
-------------------------+-------+-------+-------+-------++-------
Melee: Hand axe          |    93 |   159 |     8 |       ||   260
       Tailslap          |     5 |    19 |    34 |    30 ||    88
       Quarterstaff      |       |       |   334 |   275 ||   609
       Kick              |       |       |    82 |    68 ||   150
Throw: Dart              |       |       |    35 |       ||    35
       Boomerang         |       |       |    42 |    47 ||    89
Invok: Berserk           |     2 |     1 |     4 |     1 ||     8
       Trog's Hand       |       |     2 |     2 |     1 ||     5
       Brothers in Arms  |       |       |       |     1 ||     1
Evoke: Wand              |       |       |     1 |     5 ||     6
  Use: Scroll            |       |     2 |     7 |     7 ||    16
       Potion            |       |       |     9 |     3 ||    12
 Stab: Sleeping          |       |     1 |     1 |       ||     2
       Confused          |       |       |     1 |     2 ||     3
       Distracted        |       |       |     1 |       ||     1
       Paralysed         |       |       |       |     6 ||     6
       Petrifying        |       |       |       |     2 ||     2
Armor: Skin              |    16 |    39 |    80 |    66 ||   201
Dodge: Dodged            |    60 |    79 |   221 |   173 ||   533

Table legend: (Time is in decaauts)
 A = Elapsed time spent in this place.
 B = Non-inter-level travel time spent in this place.
 C = Inter-level travel time spent in this place.
 D = Time resting spent in this place.
 E = Time spent auto-exploring this place.
 F = Levels seen in this place.
 G = Mean time per level.
                   A        B        C        D        E       F      G
               +--------+--------+--------+--------+--------+-----+--------+
         Total |  10272 |   9672 |    600 |   2350 |   5218 |  12 |  856.0 |
       Dungeon |   9400 |   8832 |    568 |   2285 |   4840 |   9 | 1044.4 |
        Temple |    241 |    209 |     32 |      0 |    208 |   1 |  241.0 |
         Abyss |    342 |    342 |      0 |     53 |     48 |   1 |  342.0 |
        Bailey |    287 |    287 |      0 |     12 |    122 |   1 |  287.0 |
               +--------+--------+--------+--------+--------+-----+--------+

Top non-repeatable levels by time:
     D:2: 1924 daAuts
     D:3: 1468 daAuts
     D:6: 1442 daAuts
     D:5: 1121 daAuts
     D:8: 966 daAuts
     D:4: 924 daAuts
     D:7: 798 daAuts
     D:1: 721 daAuts
 Abyss:1: 342 daAuts
  Bailey: 287 daAuts
  Temple: 241 daAuts
     D:9: 31 daAuts
